 Dungeon Crawl Stone Soup version 0.32-a0-673-g3729bd50f8 (webtiles) character file.

Game seed: 17048762473024009195

93 cforsyth the Grave Robber (level 4, -3/38 HPs)
             Began as a Mountain Dwarf Necromancer on Mar 11, 2024.
             Killed by nerve-wracking pain
             ... invoked by Grinder
              (11 damage)
             ... on level 3 of the Dungeon.
             The game lasted 00:04:13 (2386 turns).

cforsyth the Grave Robber (MDNe)                    Turns: 2386, Time: 00:04:14

Health: -3/38      AC:  3    Str: 12    XL:     4   Next: 37%
Magic:  6/6        EV: 11    Int: 16    God:
Gold:   92         SH:  0    Dex: 10    Spells: 5/6 levels left

rFire   . . .        f - +0 hand axe
rCold   . . .        (no shield)
rNeg    . . .        g - +0 leather armour of Tartarus {Slay+3 SInv}
rPois   .            (no helmet)
rElec   .            (no cloak)
rCorr   .            (no gloves)
SInv    +            (no boots)
Will    .....        (no amulet)
Stlth   +            (no ring)
HPRegen 0.26/turn    (no ring)
MPRegen 0.10/turn

%: no passive effects
@: hasted, very quick
A: runic magic, artefact enchanting
a: no special abilities


You were on level 3 of the Dungeon.
You visited 1 branch of the dungeon, and saw 3 of its levels.

You collected 92 gold pieces.


Innate Abilities, Weirdness & Mutations

Your spellcasting is much less encumbered by armour.
You can use scrolls of enchantment on lesser artefacts.


   Skills:
 + Level 3.0 Fighting
 - Level 1.3 Dodging
 - Level 1.4 Stealth
 - Level 1.7 Spellcasting
 + Level 5.5 Necromancy


You had 5 spell levels left.
You knew the following spells:

 Your Spells              Type           Power      Damage    Failure   Level
X - Necrotise             Necr           76%        1d7       2%          1

Your spell library contained the following spells:

 Spells                   Type           Power      Damage    Failure   Level
 Vampiric Draining        Necr           19%        2d7       7%          3
 Animate Dead             Necr           19%        N/A       22%         4
 Tukima's Dance           Hex            1%         N/A       54%         3
 Curse of Agony           Necr           19%        N/A       54%         5
 Dimensional Bullseye     Hex/Tloc       0%         N/A       91%         4
 Iskenderun's Mystic Bla  Conj/Tloc      1%         2d3       91%         4

Inventory:

Hand Weapons
 f - a +0 hand axe (weapon)
Armour
 a - a +0 robe
 g - the +0 leather armour of Tartarus (worn) {Slay+3 SInv}
   (You found it on level 2 of the Dungeon)

   Slay+3:    It affects your accuracy & damage with ranged weapons and melee
   (+3).
   SInv:      It lets you see invisible.
Scrolls
 d - 4 scrolls of teleportation {unknown}
 h - a scroll of poison {unknown}
 i - a scroll of fog {unknown}
 k - 2 scrolls of identify {unknown}
Potions
 b - a potion of magic
 c - a potion of berserk rage {unknown}
 j - a potion of attraction {unknown}

Dungeon Overview and Level Annotations

Branches:
Dungeon (3/15)

Altars:

Annotations:
D:3 Grinder

#...........##.#
.........#.##
#####5########.#
######..##.# #.# #.#
...........# #.###
#.##########.#####
#...######.................
###.....##...####.........#
#####5###..# #.........#
#...#..# #.........#
###.@..# #####'##### ##...#
#......# #...# #......#
#...# #......# #...#
###'##### ######..#
#(......
#.......#######.......
#.####................ #.#
#.#######......##


You could see Grinder.


Message History

Grinder gestures at you. Pain shoots through your body!
You hit Grinder but do no damage.
Grinder is lightly wounded.
Grinder hits you but does no damage.
Unknown command.
You hit Grinder.
Grinder is lightly wounded.
Grinder says, "Mostly I couldn't keep them alive."
Grinder hits you!
* * * LOW HITPOINT WARNING * * *
You writhe in agony.
* * * LOW HITPOINT WARNING * * *
Grinder says, "My boss said I was rubbish.
His entrails said otherwise."
Grinder barely misses you.
Unknown command.
Unknown command.
Unknown command.
Unknown command.
Grinder attacks as she pursues you! Grinder hits you.
* * * LOW HITPOINT WARNING * * *
You writhe in agony.
* * * LOW HITPOINT WARNING * * *
Unknown command.
It was a potion of haste.
You feel yourself speed up. Grinder closely misses you.
Grinder gestures at you. Pain shoots through your body!
You die...
Grinder says, "Hey, I wasn't done torturing you yet!"

Skill      XL: |  1  2  3 |
---------------+----------+-----
Fighting       | 1 2 3 |  3.0
Necromancy     | 5 |  5.5
Dodging        | |  1.3
Stealth        | |  1.4
Spellcasting   | |  1.7

Action                     |  1- 3 |  4- 6 || total
---------------------------+-------+-------++-------
  Melee: Unarmed           |    47 |       ||    47
         Punch             |     1 |       ||     1
         Hand axe          |     3 |     3 ||     6
   Cast: Necrotise         |    70 |     7 ||    77
    Use: Potion            |       |     1 ||     1
 Armour: Robe              |    33 |       ||    33
         Leather armour    |     6 |     8 ||    14
  Dodge: Dodged            |    46 |     6 ||    52

Levels and vault maps discovered:
D:1:      dpeg_chamrin_arrival_tetris, layout_loops_ring,
          kennysheep_nondescript, st_stairs_4, minivault_14,
          hangedman_decor_opposing, minmay_indecisive_spiral
D:2:      layout_rooms, minmay_misc_feat_doors
D:3:      layout_basic, uniq_grinder, uniq_natasha

Notes
Turn   | Place    | Note
-------+----------+-------------------------------------------
     0 | D:1      | cforsyth the Mountain Dwarf Necromancer began the quest for
                  | the Orb.
     0 | D:1      | Reached XP level 1. HP: 14/14 MP: 3/3
   319 | D:1      | Reached skill level 1 in Fighting
   333 | D:1      | Reached XP level 2. HP: 23/23 MP: 0/4
  1239 | D:2      | Reached skill level 2 in Fighting
  1283 | D:2      | Reached XP level 3. HP: 25/29 MP: 2/5
  1326 | D:2      | Reached skill level 5 in Necromancy
  1501 | D:2      | Identified the +0 leather armour of Tartarus {Slay+3 SInv}
  2098 | D:3      | Noticed Natasha
  2107 | D:3      | Killed Natasha
  2108 | D:3      | Reached skill level 3 in Fighting
  2108 | D:3      | Reached XP level 4. HP: 29/38 MP: 1/6
  2254 | D:3      | Noticed Grinder
  2374 | D:3      | Paralysed by Grinder for 5 turns
  2386 | D:3      | Killed from afar by Grinder

Vanquished Creatures
  2 adders (D:2)
  A dart slug (D:2)
  4 ball pythons
  4 endoplasms
  3 giant cockroaches
  8 goblins
  6 hobgoblins
  2 quokkas (D:2)
  3 bats
  2 frilled lizards
  2 kobolds (D:1)
  7 rats
44 creatures vanquished.

Vanquished Creatures (collateral kills)
  Natasha (D:3)
  A rat (D:2)
2 creatures vanquished.

Grand Total: 46 creatures vanquished

Table legend: (Time is in decaauts)
 A = Elapsed time spent in this place.
 B = Non-inter-level travel time spent in this place.
 C = Inter-level travel time spent in this place.
 D = Time resting spent in this place.
 E = Time spent auto-exploring this place.
 F = Levels seen in this place.
 G = Mean time per level.
                   A        B        C        D        E       F      G
               +--------+--------+--------+--------+--------+-----+--------+
         Total |   2398 |   2261 |    137 |     83 |   1793 |   3 |  799.3 |
       Dungeon |   2398 |   2261 |    137 |     83 |   1793 |   3 |  799.3 |
               +--------+--------+--------+--------+--------+-----+--------+

Top non-repeatable levels by time:
     D:1: 1304 daAuts
     D:2: 753 daAuts
     D:3: 340 daAuts

Table legend:
 A = Non-vault XP
 B = Vault XP
 C = Vault XP percentage of total XP
 D = Non-vault monster count
 E = Vault monster count
 F = Vault count percentage of total count
                 A         B        C        D         E       F
            +---------+---------+-------+---------+---------+-------
      Total |      89 |      45 |  33.6 |      39 |       7 |  15.2
            +---------+---------+-------+---------+---------+-------
        D:1 |      25 |      10 |  28.6 |      15 |       6 |  28.6
        D:2 |      54 |       0 |   0.0 |      18 |       0 |   0.0
        D:3 |      10 |      35 |  77.8 |       6 |       1 |  14.3
            +---------+---------+-------+---------+---------+-------
